 Dungeon Crawl Stone Soup version 0.14-a0-1169-g4815781 (webtiles) character file.

13100 DasRunzen the Conjurer (level 11, -12/68 HPs)
             Began as a Mummy Conjurer on Nov 27, 2013.
             Was a High Priest of Sif Muna.
             Killed from afar by Harold (31 damage)
             ... with a bolt of fire
             ... on Level 4 of the Lair of Beasts on Nov 29, 2013.
             The game lasted 01:17:04 (16300 turns).

DasRunzen the Conjurer (Mummy Conjurer)            Turns: 16300, Time: 01:17:04

HP -12/68        AC  9     Str 11      XL: 11   Next: 63%
MP   1/28        EV 12     Int 20      God: Sif Muna [*****.]
Gold 559         SH  0     Dex 15      Spells:  8 memorised,  6 levels left

rFire  x . .     SeeInvis .     i - +5,+1 dagger (venom)
rCold  + . .     Clarity  .     o - +0 orc robe {MR+}
rNeg   + + +     Conserve .     (no shield)
rPois  +         rCorr    .     b - +0 helmet
rElec  .         rRot     +     k - +2 cloak {MR+}
SustAb . .       Spirit   .     e - +1 pair of gauntlets {Dex+3}
rMut   .         Warding  .     m - +0 pair of elf boots
Saprov . . .     Stasis   .     p - amulet of faith
                                d - ring of regeneration
                                z - ring of the Mage {Wiz MR+ Int+3}

@: extraordinarily resistant to hostile enchantments, stealthy
A: no food or potions, fire vulnerability, restore body, cold resistance 1, life
protection 3, poison resistance, torment resistance, unbreathing
a: Channel Energy, Forget Spell, Renounce Religion


You were on level 4 of the Lair of Beasts.
You worshipped Sif Muna.
Sif Muna was extremely pleased with you.
You were not hungry.

You visited 3 branches of the dungeon, and saw 14 of its levels.
You also visited: Labyrinth.

You collected 559 gold pieces.

Inventory:

Hand weapons
 i - a +5,+1 dagger of venom (weapon)
Armour
 b - a +0 helmet (worn)
 e - a +1 pair of gauntlets of dexterity (worn)
 k - a +2 cloak of magic resistance (worn)
 m - a +0 pair of elven boots (worn)
 o - a +0 orcish robe of magic resistance (worn)
Magical devices
 r - a wand of lightning (4)
 s - a wand of lightning (8)
 t - a wand of magic darts (4) {unknown}
 w - a wand of fire (10) {unknown}
 x - a wand of frost (13) {unknown}
 y - a wand of confusion (4) {unknown}
Scrolls
 g - 2 scrolls of remove curse
 h - 6 scrolls of identify
 j - 7 scrolls of teleportation
 n - 2 scrolls of blinking
 u - 2 scrolls of fear
 A - 2 scrolls of curse armour {unknown}
Jewellery
 d - a ring of regeneration (right hand)
 f - an uncursed ring of sustain abilities
 p - an amulet of faith (around neck)
 z - the ring of the Mage (left hand) {Wiz MR+ Int+3}
   (You found it in a labyrinth)

   [ring of wizardry]

   It affects your intelligence (+3).
   It affects your resistance to hostile enchantments.
Books
 a - a book of Wizardry

   Spells                             Type                      Level
   Summon Elemental                   Summoning                    4
   Agony                              Necromancy                   5
   Force Lance                        Conjuration                  5
   Fireball                           Conjuration/Fire             5
   Haste                              Charms                       6
   Invisibility                       Hexes                        6
 c - a book of Conjurations

   Spells                             Type                      Level
   *Magic Dart                        Conjuration                  1
   *Searing Ray                       Conjuration                  2
   *Dazzling Spray                    Conjuration/Hexes            3
   *Iskenderun's Mystic Blast         Conjuration                  4
   Iskenderun's Battlesphere          Conjuration/Charms           4
   *Fulminant Prism                   Conjuration/Hexes            5
 l - a book of Beasts

   Spells                             Type                      Level
   *Summon Butterflies                Summoning                    1
   Sticks to Snakes                   Transmutation                2
   Call Canine Familiar               Summoning                    3
   Ice Form                           Ice/Transmutation            4
   Summon Ice Beast                   Ice/Summoning                4
   Summon Hydra                       Summoning                    7
 q - a book of Death

   Spells                             Type                      Level
   *Corpse Rot                        Necromancy                   2
   Sublimation of Blood               Necromancy                   2
   Agony                              Necromancy                   5
   *Dispel Undead                     Necromancy                   5
   Excruciating Wounds                Charms/Necromancy            5
   Bolt of Draining                   Conjuration/Necromancy       5
Rods
 B - a +0 rod of striking (7/7)
   (You found it in a labyrinth)


   Skills:
 - Level 1.5 Dodging
 - Level 1.5 Stealth
 + Level 9.7 Spellcasting
 + Level 9.8 Conjurations
 + Level 5.9 Summonings
 + Level 4.4 Necromancy
 + Level 6.5 Invocations


You had 6 spell levels left.
You knew the following spells:

 Your Spells              Type           Power        Failure   Level  Hunger
a - Magic Dart            Conj           ####         1%          1    N/A
b - Searing Ray           Conj           #####.       1%          2    N/A
c - Dazzling Spray        Conj/Hex       ####....     1%          3    N/A
d - Iskenderun's Mystic   Conj           #####...     1%          4    N/A
e - Summon Butterflies    Summ           ####....     1%          1    N/A
f - Corpse Rot            Necr           N/A          1%          2    N/A
g - Fulminant Prism       Conj/Hex       ####......   12%         5    N/A
h - Dispel Undead         Necr           ####....     16%         5    N/A

Dungeon Overview and Level Annotations

Branches:
Dungeon (9/16)             Temple (1/1) D:6             Orc (0/4) D:9
   Lair (4/8) D:9
  Swamp: Lair:3-6    Shoals: Lair:3-6     Snake: Lair:3-6    Spider: Lair:3-6

Altars:
Ashenzari
Cheibriados
Elyvilon
Fedhas
Kikubaaqudgha
Nemelex Xobeh
Okawaru
Sif Muna
Trog
Vehumet
Yredelemnul
Zin
the Shining One

Annotations:
Lair:4 Harold


Innate Abilities, Weirdness & Mutations

You do not eat or drink.
Your flesh is vulnerable to fire.
Your flesh is cold resistant.
You are immune to negative energy.
Your system is resistant to poisons.
You are immune to unholy pain and torment.
You can survive without breathing.


Message History

Confirm with . or Enter, or press ? or * to list all spells.
You don't have enough magic to cast that spell.
Casting: Fulminant Prism
Confirm with . or Enter, or press ? or * to list all spells.
You don't have enough magic to cast that spell.
Use which ability? (? or * to list)
You channel some magical energy.
Casting: Fulminant Prism
Confirm with . or Enter, or press ? or * to list all spells.
Aiming: Fulminant Prism
Press: ? - help, Dir - move target cursor You miscast Fulminant Prism.
Nothing appears to happen.
Harold casts a spell at you. The bolt of fire hits you!
The fire burns you terribly!
* * * LOW HITPOINT WARNING * * *
Harold says, "Let's make it quick, okay?
I've got mouths to feed."
There is a stone staircase leading down here.
Harold points at you and mumbles some strange words.
The bolt of fire hits you! The fire burns you terribly!
You die...

# ..#
##......##..####...#...
# ..# #.......#....#
#...#... ###..#
###.........####...##.P
....#.# ##.#......#
#....#### ....?#
#.###........###....###
<....#
#.......#.##..........#
.....#
#P.....<####........###
......#
#........###........#
.....##
##.##..@..#...#.###.#
.....P.
.######.>.#.#.#.##.P.#
.......
.....................#
...#.#
#.#####..##..##..#.###
..#.. #..########### .f
##.# #@# #.# #.#


You could see Harold.

Vanquished Creatures
  A minotaur (Lab)
  Pikel (D:8)
  A draconian (D:8)
  A black mamba (Lair:3)
  7 spiny frogs
  Prince Ribbit (D:9)
  5 blink frogs (Lair:2)
  3 yaks
  A hippogriff (Lair:3)
  A human (D:9)
  A steam dragon (Lair:3)
  2 hungry ghosts
  Edmund (D:3)
  2 mottled dragons (Lair:3)
  A swamp drake (Lair:3)
  5 porcupines
  2 giant goldfish (D:8)
  3 ice beasts
  An orc warrior (D:9)
  A black bear (D:6)
  2 sky beasts
  2 necrophages
  A phantom (D:6)
  2 slaves (D:7)
  3 ogres
  3 centaurs
  3 crocodiles
  3 giant slugs
  10 giant frogs
  Blork the orc (D:7)
  A gnoll sergeant (D:8)
  2 agate snails
  2 water moccasins (Lair:4)
  An eye of draining (D:8)
  7 killer bees (D:8)
  4 wights (D:6)
  A centaur zombie (D:5)
  2 electric eels (D:8)
  4 crimson imps
  A jelly (D:8)
  A quasit (D:7)
  5 big fish (D:8)
  2 orc priests
  A goliath beetle (D:9)
  Crazy Yiuf (D:3)
  A black bear zombie (D:5)
  6 hounds
  5 iguanas
  2 scorpions
  6 orc wizards
  7 worker ants
  Ijyb (D:3)
  2 fulminant prisms (Lair:4)
  10 gnolls
  9 green rats (Lair:3)
  2 giant centipedes
  10 adders
  2 giant mites (D:4)
  A goliath beetle zombie (D:5)
  5 worms
  An iguana skeleton (D:4)
  2 adder skeletons
  A giant eyeball (D:9)
  7 giant geckos
  3 oozes
  20 orcs
  A ball python (D:1)
  17 bats
  A bat skeleton (D:7)
  3 giant cockroaches
  6 hobgoblins
  25 jackals
  20 kobolds
  13 quokkas
  4 training dummies (D:4)
  A giant newt (D:1)
  7 goblins
  A kobold zombie (D:5)
  An orc zombie (D:5)
  13 rats
  A rat skeleton (D:4)
  A butterfly (Lab)
  A plant (D:8)
325 creatures vanquished.

Vanquished Creatures (others)
  A slave (D:8)
  A human (D:6)
  An orc wizard (D:6)
  A worker ant (D:8)
  14 fulminant prisms
  4 butterflies (Lab)
  2 fungi
24 creatures vanquished.

Grand Total: 349 creatures vanquished

Notes
Turn   | Place    | Note
--------------------------------------------------------------
     0 | D:1      | DasRunzen, the Mummy Conjurer, began the quest for the Orb.
     0 | D:1      | Reached XP level 1. HP: 13/13 MP: 3/3
   284 | D:1      | Reached XP level 2. HP: 16/19 MP: 0/4
  1176 | D:2      | Learned a level 2 spell: Searing Ray
  1237 | D:2      | Reached XP level 3. HP: 24/24 MP: 0/6
  1550 | D:2      | Reached skill level 4 in Conjurations
  1604 | D:2      | Learned a level 3 spell: Dazzling Spray
  2132 | D:2      | Reached XP level 4. HP: 30/30 MP: 1/8
  2242 | D:3      | Noticed Ijyb
  2259 | D:3      | Killed Ijyb
  2605 | D:3      | Found a white marble altar of Elyvilon.
  3012 | D:3      | Noticed Crazy Yiuf
  3051 | D:3      | Killed Crazy Yiuf
  3270 | D:4      | Reached XP level 5. HP: 35/35 MP: 10/10
  3381 | D:4      | Found an iron altar of Okawaru.
  3392 | D:4      | Noticed Edmund
  3592 | D:3      | Killed Edmund
  3592 | D:3      | Reached skill level 5 in Conjurations
  3592 | D:3      | Reached XP level 6. HP: 25/41 MP: 4/13
  4242 | D:4      | Learned a level 4 spell: Iskenderun's Mystic Blast
  4272 | D:5      | Entered Level 5 of the Dungeon
  4606 | D:5      | Reached XP level 7. HP: 14/46 MP: 2/17
  5156 | D:5      | Noticed a necrophage
  5239 | D:5      | Killed a necrophage
  5239 | D:5      | Reached skill level 6 in Conjurations
  5347 | D:5      | Reached skill level 5 in Spellcasting
  5370 | D:5      | Noticed a hungry ghost
  5384 | D:5      | Killed a hungry ghost
  5739 | D:5      | Reached XP level 8. HP: 52/52 MP: 10/20
  6777 | D:6      | Reached skill level 7 in Conjurations
  6906 | D:6      | Found a staircase to the Ecumenical Temple.
  6922 | Temple   | Entered the Ecumenical Temple
  6947 | Temple   | Became a worshipper of Sif Muna the Loreminder
  7713 | D:6      | Learned a level 1 spell: Summon Butterflies
  7726 | D:6      | Acquired Sif Muna's first power
  7942 | D:6      | Reached skill level 1 in Summonings
  7942 | D:6      | Reached skill level 1 in Invocations
  7942 | D:6      | Reached XP level 9. HP: 55/57 MP: 5/23
  8046 | D:6      | Found an ancient bone altar of Kikubaaqudgha.
  8855 | D:7      | Noticed Blork the orc
  8859 | D:7      | Killed Blork the orc
  8977 | D:7      | Reached skill level 8 in Conjurations
  9109 | D:7      | Found a snail-covered altar of Cheibriados.
  9115 | D:7      | Found an ancient bone altar of Kikubaaqudgha.
  9426 | D:8      | Noticed Pikel
  9815 | D:7      | Upgraded the game from 0.14-a0-1097-gc7db7fc to 0.14-a0-1168-gf5005bf
  9941 | D:8      | Acquired Sif Muna's second power
 10359 | D:8      | Killed Pikel
 10359 | D:8      | Reached XP level 10. HP: 63/63 MP: 0/25
 10872 | D:9      | Noticed a draconian
 10987 | D:8      | Killed a draconian
 11256 | D:9      | Noticed Prince Ribbit
 11301 | D:9      | Killed Prince Ribbit
 11338 | D:9      | Found a staircase to the Orcish Mines.
 11431 | D:9      | Found a staircase to the Lair.
 11519 | D:9      | Reached skill level 9 in Conjurations
 11705 | D:9      | Paralysed by a giant eyeball for 4 turns
 11810 | D:9      | Learned a level 2 spell: Corpse Rot
 11832 | Lair:1   | Entered Level 1 of the Lair of Beasts
 12084 | Lair:1   | Reached skill level 1 in Necromancy
 12164 | Lair:1   | Noticed a seven-headed hydra
 12208 | Lair:1   | Reached skill level 5 in Invocations
 12853 | Lair:2   | Acquired Sif Muna's third power
 12983 | Lair:2   | Reached skill level 5 in Summonings
 12983 | Lair:2   | Reached XP level 11. HP: 68/68 MP: 14/27
 13944 | Lair:3   | Found a labyrinth entrance.
 13962 | Lab      | Entered a labyrinth
 14204 | Lab      | Found an exit through the horrors of the Abyss.
 14436 | Lab      | Noticed a minotaur
 14803 | Lab      | Killed a minotaur
 14922 | Lair:3   | Upgraded the game from 0.14-a0-1168-gf5005bf to 0.14-a0-1169-g4815781
 15310 | Lair:3   | Found an iron altar of Okawaru.
 15847 | Lair:3   | Learned a level 5 spell: Fulminant Prism
 15853 | Lair:3   | Learned a level 5 spell: Dispel Undead
 16274 | Lair:4   | Noticed Harold
 16300 | Lair:4   | Killed from afar by Harold

Action                   |  1- 3 |  4- 6 |  7- 9 | 10-12 || total
-------------------------+-------+-------+-------+-------++-------
Melee: Unarmed           |     6 |       |       |       ||     6
       Short sword       |     8 |       |       |       ||     8
       Dagger            |    20 |   102 |   135 |    72 ||   329
 Cast: Magic Dart        |    93 |    39 |    38 |    13 ||   183
       Searing Ray       |     1 |    11 |    26 |    17 ||    55
       Dazzling Spray    |       |     9 |    17 |    33 ||    59
       Iskenderun's Myst |       |     1 |   122 |   255 ||   378
       Summon Butterflie |       |       |     1 |     2 ||     3
       Corpse Rot        |       |       |       |     3 ||     3
       Fulminant Prism   |       |       |       |    16 ||    16
Invok: Channel Energy    |       |       |   137 |   463 ||   600
Evoke: Wand              |       |       |       |     1 ||     1
  Use: Scroll            |     3 |     7 |     4 |     8 ||    22
 Stab: Sleeping          |       |     4 |     1 |     2 ||     7
       Invisible         |       |     2 |     2 |     5 ||     9
